 Dungeon Crawl Stone Soup version 0.29.0-4-gdea44cf6ec (webtiles) character file.

Game seed: 2288563832690200866

2 Destructed3 the Trooper (level 1, 0/18 HPs)
             Began as a Mummy Fighter on Aug 27, 2022.
             Slain by a goblin
             ... wielding a +0 club
             ... led by Robin
              (3 damage)
             ... on level 2 of the Dungeon.
             The game lasted 00:00:33 (151 turns).

Destructed3 the Trooper (Mummy Fighter)              Turns: 151, Time: 00:00:34

Health: 0/18       AC:  6    Str: 19    XL:     1   Next: 25%
Magic:  1/1        EV:  9    Int: 10    God:
Gold:   0          SH:  4    Dex: 14    Spells: 0/0 levels left

rFire   x . .      SeeInvis .   a - +0 flail
rCold   + . .      Faith    +   c - +0 buckler
rNeg    + + +      Spirit   .   b - +0 scale mail
rPois   ∞          Reflect  .   (no helmet)
rElec   .          Harm     .   (no cloak)
rCorr   .          Rampage  .   (no gloves)
Will    .....                   (no boots)
Stlth   ..........              d - amulet "Reunosos" {Faith rPois Int+3 Dex+3}
HPRegen 0.06/turn               (no ring)
MPRegen 0.07/turn               (no ring)

@: no status effects
A: cold resistance 1, negative energy resistance 3, torment resistance 2, heat
vulnerability 1, no potions
a: no special abilities


You were on level 2 of the Dungeon.
You visited 1 branch of the dungeon, and saw 2 of its levels.

Inventory:

Hand Weapons
 a - a +0 flail (weapon)
Armour
 b - a +0 scale mail (worn)
 c - a +0 buckler (worn)
Jewellery
 d - the amulet "Reunosos" (around neck) {Faith rPois Int+3 Dex+3}
   (You found it on level 2 of the Dungeon)

   [amulet of faith]

   It allows you to gain divine favour quickly.
   Int:       It affects your intelligence (+3).
   Dex:       It affects your dexterity (+3).
   rPois:     It protects you from poison.


   Skills:
 + Level 3.1 Fighting
 - Level 1.5 Maces & Flails
 - Level 2.4 Armour
 - Level 2.4 Shields


You couldn't memorise any spells.
You didn't know any spells.
Your spell library was empty.

Dungeon Overview and Level Annotations

Branches:
Dungeon (2/15)

Altars:

Annotations:
D:2 Robin


Innate Abilities, Weirdness & Mutations

You are immune to poison.
Your flesh is cold resistant. (rC+)
You are immune to negative energy. (rN+++)
You are immune to unholy pain and torment.
You are vulnerable to heat. (rF-)
You do not drink.


Message History

You see here a +0 club.
You see here a +0 club. 4 goblins and a hobgoblin come into view.
A goblin is wielding a +0 dagger of flaming.
The goblin shouts! x2; The hobgoblin shouts!
You hear a shout! x2
A goblin comes into view. It is wielding a +0 dagger.
A goblin comes into view. It is wielding a +0 club. x2
Robin of the Strong Arm comes into view.
They are wielding a +1 short sword of venom and wearing the +0 helmet of Quick Creativity {rF++ Stlth+}.
The goblin moves out of view. x3
The goblin shouts!
Robin throws the goblin at you!
You barely miss the goblin. You block the goblin's attack.
Robin roars a battlecry!
The goblins go into a battle-frenzy!
The goblin hits you but does no damage.
You thump the goblin!
You kill the goblin!
The hobgoblin hits you but does no damage.
The hobgoblin attacks as you move away! The hobgoblin barely misses you.
The goblin attacks as you move away! You block the goblin's attack.
You see here a +0 dagger.
You closely miss the goblin. Robin throws the goblin at you!
The goblin hits you but does no damage. The goblin hits you with a +0 club.
The goblin hits you with a +0 dagger of flaming.
The goblin burns you. The goblin closely misses you.
You hit the goblin.
The goblin is moderately wounded.
The goblin hits you but does no damage. x2
You closely miss the goblin.
The goblin is moderately wounded.
You block the goblin's attack. The goblin closely misses you.
You miss the goblin.
The goblin is moderately wounded.
The goblin hits you with a +0 dagger of flaming.
The goblin burns you.
Robin says, "Kneel, worm!"
The goblin hits you with a +0 club.
* * * LOW HITPOINT WARNING * * *
The goblin hits you with a +0 club.
You die...

#.# ######## #
#.# # #.# # #.#
# #.# # #.# #.#
#g# #@#
#g#######
#gg......
#g.......
#........
#g.......
#........
.g..g..........
.ggg###........


You could see Robin, a hobgoblin (strong) and 4 goblins.

Vanquished Creatures
  A goblin (D:2)
  A rat (D:2)
2 creatures vanquished.

Notes
Turn   | Place    | Note
-------+----------+-------------------------------------------
     0 | D:1      | Destructed3 the Mummy Fighter began the quest for the Orb.
     0 | D:1      | Reached XP level 1. HP: 18/18 MP: 1/1
    60 | D:2      | Identified the amulet "Reunosos" {Faith rPois Int+3 Dex+3}
   139 | D:2      | Identified the +0 helmet of Quick Creativity {rF++ Stlth+}
   139 | D:2      | Noticed Robin
   151 | D:2      | Slain by a goblin

Illustrated notes

Levels and vault maps discovered:
D:1:      heliophobic_arrival_battle_scene, layout_basic, basic_ecumenical_altar
D:2:      layout_basic, uniq_robin

Action                   || total
-------------------------++-------
Melee: Flail             ||     8
Armor: Scale mail        ||     6
Dodge: Dodged            ||     4
Block: Buckler           ||     3
